AoeStats
← Barriletecosmico

Golden Pit

508525889Analyzed
1v1 RM · 8d ago on Sep 22, 2026· 44m 35s· 2 players
Game mode
Random Map
Map size
Tiny (2 player)
Population
200
Speed
Normal
Resources
Standard
Victory
Conquest
Starting age
Dark Age
Ending age
Imperial Age
RankedLock teamsTeams togetherTeam positionsShared explorationLock speedFull tech treeHidden civsTurbo modeCheats
Victory
Defeat
🇫🇷 Random · France
1527
+20
🇦🇷 Maya · Argentina
1612
-20
Jean-Paul Golmondo
7:07 Loom
9:39 Feudal Age
11:28 Double-Bit Axe
13:42 Forging
14:45 Scale Mail Armor
15:14 Scale Barding Armor
21:02 Wheelbarrow
23:48 Castle Age
23:17 Bloodlines
32:05 Gold Mining
33:37 Chain Barding Armor
39:06 Imperial Age
38:41 Hand Cart
39:10 Cavalier
40:56 Iron Casting
42:13 Plate Barding Armor
Barriletecosmico
0:26 Loom
9:46 Feudal Age
10:36 Double-Bit Axe
14:59 Fletching
15:13 Town Watch
20:20 Castle Age
19:06 Horse Collar
19:17 Gold Mining
21:03 Bodkin Arrow
21:34 Bow Saw
21:29 Crossbowman
23:05 Ballistics
25:19 Thumb Ring
27:05 Padded Archer Armor
38:26 Imperial Age
37:38 Leather Archer Armor
38:29 Arbalester
39:34 Bracer
Connection lost

Rejoining the realm…

Still unreachable

The connection could not be restored.

Session expired

The server has moved on; the page needs a fresh start.